 Dungeon Crawl Stone Soup version 0.28.0-53-g5a82cb258f (webtiles) character file.

Game seed: 17985935119298025242

51 Zeld the Chopper (level 3, 0/49 HPs)
             Began as a Minotaur Berserker on June 10, 2022.
             Was a Follower of Trog.
             Slain by a centaur warrior zombie (10 damage)
             ... on level 6 of the Dungeon.
             The game lasted 00:01:05 (1584 turns).

Zeld the Chopper (Minotaur Berserker)               Turns: 1584, Time: 00:01:05

Health: 0/49       AC:  2    Str: 23    XL:     3   Next: 58%
Magic:  2/2        EV: 12    Int:  4    God:    Trog [*.....]
Gold:   110        SH:  5    Dex:  9    Spells: 2/2 levels left

rFire   . . .      SeeInvis +   a - +0 hand axe
rCold   . . .      Faith    .   (no shield)
rNeg    . . .      Spirit   .   b - +0 animal skin
rPois   .          Reflect  +   (helmet restricted)
rElec   .          Harm     .   (no cloak)
rCorr   .          Rampage  .   (no gloves)
Will    +....                   (no boots)
Stlth   ..........              h - amulet of reflection
HPRegen 0.16/turn               d - ring of see invisible
MPRegen 0.08/turn               f - ring of willpower

@: berserking, very quick
A: horns 2, retaliatory headbutt
a: Renounce Religion, Berserk


You were on level 6 of the Dungeon.
You worshipped Trog.
Trog was aware of your devotion.
You visited 1 branch of the dungeon, and saw 4 of its levels.

You collected 110 gold pieces.

Inventory:

Hand Weapons
 a - a +0 hand axe (weapon)
Armour
 b - a +0 animal skin (worn)
Jewellery
 d - a ring of see invisible (left hand)
 f - a ring of willpower (right hand)
 h - an amulet of reflection (around neck)
Scrolls
 e - 4 scrolls of noise {unknown}
 g - a scroll of summoning {unknown}
 i - a scroll of fog {unknown}
 j - a scroll of holy word {unknown}
Potions
 c - a potion of ambrosia {unknown}


   Skills:
 * Level 4.3 Fighting
 * Level 4.4 Axes
 + Level 3.0 Armour
 + Level 2.7 Dodging


You had 2 spell levels left.
You didn't know any spells.
Your spell library was empty.

Dungeon Overview and Level Annotations

Branches:
Dungeon (3/15)

Altars:
Uskayaw
The Shining One


Innate Abilities, Weirdness & Mutations

You have a pair of horns on your head.
You reflexively headbutt those who attack you in melee.


Message History

Found a glowing golden altar of the Shining One.
k - a +6 ring of intelligence Autopickup disabled for rings of intelligence.
You drop a +6 ring of intelligence.
A killer bee zombie comes into view.
A centaur warrior zombie comes into view.
Found a scroll labelled CUSONOGIOVEO.
The killer bee zombie hits you.
Found a stone staircase leading down.
The killer bee zombie hits you.
The killer bee zombie closely misses you.
You furiously retaliate!
You headbutt the killer bee zombie! Why would you want to do that?
The killer bee zombie closely misses you.
The centaur warrior zombie hits you!
The centaur warrior zombie kicks you but does no damage.
The killer bee zombie misses you. You furiously retaliate!
You headbutt the killer bee zombie.
A red film seems to cover your vision as you go berserk!
You feel yourself moving faster!
You feel mighty! The centaur warrior zombie hits you.
* * * LOW HITPOINT WARNING * * *
The centaur warrior zombie kicks you.
* * * LOW HITPOINT WARNING * * *
The killer bee zombie completely misses you.
You slash the centaur warrior zombie!
The centaur warrior zombie is lightly damaged.
You hit the killer bee zombie. The killer bee zombie hits you.
* * * LOW HITPOINT WARNING * * *
The centaur warrior zombie hits you.
* * * LOW HITPOINT WARNING * * *
The centaur warrior zombie closely misses you.
You hit the centaur warrior zombie.
You headbutt the centaur warrior zombie!
The centaur warrior zombie is moderately damaged.
You hit the killer bee zombie.
The killer bee zombie closely misses you.
You furiously retaliate!
You headbutt the killer bee zombie.
You destroy the killer bee zombie!
Trog accepts your kill. The centaur warrior zombie hits you!
You die...

#.......#
######...+ .
.........# #.
#####....# #..
####...=#
#>..#.......####.#
#..................
...≈≈.≈≈...#.....##
.≈.?≈.≈@.≈.........
.≈≈....Z≈≈...######
....._....).....
.≈≈.....≈≈....##
.≈..≈.≈..≈....#
...≈≈.≈≈......#
#....?........#
############..#


You could see a centaur warrior zombie.

Vanquished Creatures
  Jessica (D:2)
  A killer bee zombie (D:6)
  A worm (D:2)
  A dart slug (D:2)
  2 ball pythons (D:2)
  3 endoplasms
  2 giant cockroaches (D:2)
  3 goblins
  A quokka (D:1)
  A bat (D:1)
  A frilled lizard (D:2)
  A kobold (D:1)
  4 rats
22 creatures vanquished.

Notes
Turn   | Place    | Note
-------+----------+-------------------------------------------
     0 | D:1      | Zeld the Minotaur Berserker began the quest for the Orb.
     0 | D:1      | Reached XP level 1. HP: 19/19 MP: 0/0
   472 | D:1      | Reached XP level 2. HP: 27/27 MP: 1/1
  1090 | D:2      | Noticed Jessica
  1098 | D:2      | Killed Jessica
  1099 | D:2      | Reached XP level 3. HP: 24/33 MP: 2/2
  1556 | D:3      | You fall into a shaft and drop 3 floors!
  1562 | D:6      | Found a hide-covered altar of Uskayaw.
  1573 | D:6      | Found a glowing golden altar of the Shining One.
  1578 | D:6      | Noticed a centaur warrior zombie
  1584 | D:6      | Slain by a centaur warrior zombie

Illustrated notes

Levels and vault maps discovered:
D:1:      wander_arrival_estate, layout_basic
D:2:      layout_basic, uniq_jessica
D:3:      layout_basic, mainiacjoe_overflow_24_doors, xom_butterflies,
          nicolae_figureground_pulse
D:6:      layout_basic, mainiacjoe_overflow_small_starburst,
          nicolae_qazlal_style_of_elements, lemuel_crystal_altar,
          nemelex_altar_shiori, gup_sewer_entry_bubbles, serial_shops,
          nicolae_shop_competitors_out_of_business, serial_bayou,
          serial_bayou_lake_a, serial_bayou_crossing, serial_bayou_pond_d,
          minmay_between

Skill      XL: |  1  2 |
---------------+-------+-----
Axes           | 4 |  4.4
Fighting       | 4 |  4.3
Armour         | 3 |  3.0
Dodging        | |  2.7

Action                   || total
-------------------------++-------
Melee: Hand axe          ||    49
       Headbutt          ||     5
Invok: Berserk           ||     1
Armor: Animal skin       ||     7
Dodge: Dodged            ||    35
Block: Other             ||     3
